 Dungeon Crawl Stone Soup version 0.27.1-2-g3b301248ec (webtiles) character file.

Game seed: 4181394008901119459

29361 Ekaitz the Tainter (level 13, -1/98 HPs)
             Began as a Demonspawn Venom Mage on Sept 30, 2021.
             Was the Champion of Okawaru.
             Slain by a yak (5 damage)
             ... led by a torpor snail
             ... on level 5 of the Lair of Beasts.
             The game lasted 00:43:58 (16993 turns).

Ekaitz the Tainter (Demonspawn Venom Mage)         Turns: 16993, Time: 00:43:58

Health: -1/98      AC: 22    Str: 20    XL:     13   Next: 14%
Magic:  19/24      EV: 13    Int: 16    God:    Okawaru [******]
Gold:   1553       SH:  0    Dex: 15    Spells: 8/27 levels left

rFire    + . .     SeeInvis +   B - +5 scythe "Finisher" {speed, eviscerate}
rCold    + . .     Faith    .   (shield currently unavailable)
rNeg     . . .     Spirit   .   R - +2 robe {rC+ rF+}
rPois    .         Reflect  .   G - +1 hat
rElec    +         Harm     .   S - +0 cloak of the Soldier {Str+7 SInv}
rCorr    .         Rampage  .   Z - +2 pair of gloves
Will     .....                  T - +0 pair of boots
Stlth    +.........             Q - amulet of regeneration
HPRegen  1.26/turn              o - +4 ring of protection
MPRegen  0.19/turn              F - +4 ring of protection

@: confused, ambrosia-drunk, slowed, very slow
A: horns 2, thin metallic scales 3, ignite blood 2, powered by pain 1
a: Renounce Religion, Heroism, Finesse


You were on level 5 of the Lair of Beasts.
You worshipped Okawaru.
Okawaru was exalted by your worship.
You visited 3 branches of the dungeon, and saw 16 of its levels.

You collected 1553 gold pieces.

Inventory:

Hand Weapons
 f - a +3 hand axe of freezing
 l - a +3 scimitar of flaming
 p - a +2 hunting sling of flaming
 B - the +5 scythe "Finisher" (weapon) {speed, eviscerate}
   (You found it on level 5 of the Dungeon)

   Attacks with this weapon are significantly faster.
   It may eviscerate those it strikes, slaying them instantly, with a decreasing
   chance against stronger foes.
 D - the +2 hand crossbow of Luunyja {elec, Int+4}
   (Okawaru gifted it to you on level 1 of the Lair of Beasts)

   Any ammunition fired from it occasionally discharges a powerful burst of
   electricity upon striking a foe.
   Int:       It affects your intelligence (+4).
 H - a +2 dagger of freezing
 J - the +3 quarterstaff of Kiczeacy {vorpal, Int+3}
   (You found it on level 6 of the Dungeon)

   It inflicts extra damage upon your enemies.
   Int:       It affects your intelligence (+3).
 K - a +5 flail of freezing
 M - the +4 short sword of Fatigue {drain, Dex+3}
   (You took it off a wight on level 6 of the Dungeon)

   A truly terrible weapon, it drains the life of any living foe it strikes.
   Dex:       It affects your dexterity (+3).
 N - the +4 halberd "Mud Pie of Death" {vamp, rPois Dex+3}
   (You found it on level 6 of the Dungeon)

   It occasionally heals its wielder for a portion of the damage dealt when it
   wounds a living foe.
   Dex:       It affects your dexterity (+3).
   rPois:     It protects you from poison.
Missiles
 r - 66 sling bullets
 Y - 32 bolts
Armour
 m - a scarf of repulsion
 G - a +1 hat (worn)
 I - a +0 buckler
 R - a +2 robe of resistance (worn)
 S - the +0 cloak of the Soldier (worn) {Str+7 SInv}
   (Okawaru gifted it to you on level 2 of the Lair of Beasts)

   Str:       It affects your strength (+7).
   SInv:      It lets you see invisible.
 T - a +0 pair of boots (worn)
 Z - a +2 pair of gloves (worn)
Jewellery
 j - a ring of protection from cold
 o - a +4 ring of protection (left hand)
 w - a ring of positive energy
 x - an amulet of reflection
 y - a +6 ring of intelligence
 C - a ring of resist corrosion
 F - a +4 ring of protection (right hand)
 Q - an amulet of regeneration (around neck)
Wands
 L - a wand of digging (6)
 W - a wand of charming (9)
Scrolls
 a - a scroll of blinking {unknown}
 c - 3 scrolls of immolation {unknown}
 e - 5 scrolls of magic mapping {unknown}
 g - 3 scrolls of noise {unknown}
 h - 3 scrolls of amnesia {unknown}
 i - 5 scrolls of teleportation
 k - 2 scrolls of vulnerability {unknown}
 u - 3 scrolls of fog {unknown}
Potions
 d - a potion of mutation
 n - a potion of magic
 s - 2 potions of haste
 z - 2 potions of heal wounds
 A - 2 potions of resistance
 O - 4 potions of flight
 P - 2 potions of curing
 U - 2 potions of brilliance
 X - 3 potions of might
Miscellaneous
 E - a condenser vane
 V - a tin of tremorstones (2/2)


   Skills:
 * Level 7.9 Fighting
 + Level 1.0 Short Blades
 + Level 6.8 Polearms
 + Level 4.0 Dodging
 + Level 4.1 Stealth
 + Level 1.6 Shields
 + Level 7.9 Spellcasting
 + Level 1.3 Conjurations
 * Level 6.8 Summonings
 + Level 4.0 Transmutations
 + Level 3.2 Fire Magic
 * Level 6.0 Air Magic
 * Level 10.3 Poison Magic
 * Level 9.3 Invocations
 * Level 3.5 Evocations


You had 8 spell levels left.
You knew the following spells:

 Your Spells              Type           Power      Damage    Failure   Level
a - Sting                 Tmut/Pois      100%       1d8       1%          1
b - Poisonous Vapours     Pois/Air       64%        N/A       1%          2
c - Mephitic Cloud        Conj/Pois/Air  25%        N/A       3%          3
d - Olgreb's Toxic Radia  Pois           39%        N/A       1%          4
e - Call Imp              Summ           28%        N/A       1%          2
f - Summon Lightning Spi  Summ/Air       26%        N/A       9%          4
i - Ignite Poison         Fire/Tmut/Pois 25%        N/A       3%          3

Your spell library contained the following spells:

 Spells                   Type           Power      Damage    Failure   Level
 Magic Dart               Conj           40%        1d5       7%          1
 Summon Ice Beast         Ice/Summ       17%        N/A       28%         4
 Frozen Ramparts          Ice            12%        1d3       34%         3
 Sticky Flame             Conj/Fire      13%        2d4       41%         4
 Ice Form                 Ice/Tmut       12%        N/A       45%         4
 Summon Forest            Summ/Tloc      8%         N/A       61%         5
 Summon Mana Viper        Hex/Summ       17%        N/A       61%         5
 Shadow Creatures         Summ           N/A        N/A       71%         6
 Bolt of Magma            Conj/Fire/Erth 5%         4d5       86%         5
 Simulacrum               Ice/Necr       3%         N/A       100%        6
 Storm Form               Tmut/Air       11%        N/A       100%        7
 Maxwell's Capacitive Co  Air            12%        ∞         100%        8


Dungeon Overview and Level Annotations

Branches:
Dungeon (10/15)            Temple (1/1) D:6            Lair (5/6) D:10
  Swamp (0/4) Lair:4        Snake (0/4) Lair:2
  Slime: Lair:5-6       Orc: D:9-12

Altars:
Ashenzari
Cheibriados
Dithmenos
Elyvilon
Fedhas
Gozag
Hepliaklqana
Kikubaaqudgha
Makhleb
Nemelex Xobeh
Okawaru
Qazlal
Ru
Sif Muna
Trog
Uskayaw
Vehumet
Wu Jian
Yredelemnul
Zin


Innate Abilities, Weirdness & Mutations

You have a pair of horns on your head.
You are completely covered in thin metallic scales. (AC +4, rElec)
Your demonic aura often causes spilled blood to erupt in flames.
You sometimes gain a little power by taking damage.


Message History

The polar bear claws you but does no damage.
The yak misses you. x2
The water moccasin bites you but does no damage.
Your Air Magic skill increases to level 6!
The torpor snail looks more healthy.
The rime drake looks more healthy.
The blink frog looks more healthy.
The blink frog blinks!
The blink frog hits you but does no damage.
The polar bear bites you!!
* * * LOW HITPOINT WARNING * * *
You focus on the pain.
You feel your power returning. The polar bear completely misses you.
The polar bear claws you but does no damage.
The yak gores you but does no damage.
The water moccasin bites you but does no damage.
The blink frog is engulfed in blazing flames.
You kill the blink frog!
Okawaru accepts your kill. The polar bear bites you!
* * * LOW HITPOINT WARNING * * *
The polar bear claws you but does no damage.
The polar bear closely misses you. The yak closely misses you.
The water moccasin barely misses you.
The blink frog blinks!
There is a stone staircase leading up, spattered with blood here.
You see here a yak corpse.
You are confused.
You feel invigorated. The polar bear bites you.
* * * LOW HITPOINT WARNING * * *
The polar bear barely misses you.
The polar bear claws you but does no damage.
The blink frog hits you but does no damage.
The water moccasin closely misses you.
The blink frog blinks!
The polar bear bites you!
* * * LOW HITPOINT WARNING * * *
The polar bear barely misses you.
The polar bear claws you but does no damage.
The rime drake is engulfed in blazing flames.
The rime drake bites you.
* * * LOW HITPOINT WARNING * * *
The yak gores you.
You die...

P..........
#.........#
#........#
##..<..(..###
#P........#.#
##..?...w†.##
#....§...Y#.#
#...(.YhSk.##
#.....YY@..P#
........YYF>)....
#.................
#P....Y............
#..F......♣♣♣♣♣....
#P........♣ ♣.♣♣
##........♣ ♣♣
#.........


You could see a torpor snail, a polar bear (berserk, very poisoned), 7 yaks, 2
blink frogs, a rime drake and a water moccasin.

Vanquished Creatures
  2 hydras
  Erica (D:9)
  A catoblepas (Lair:4)
  A centaur warrior (D:9)
  A death yak (Lair:4)
  5 bog bodies (Lair:4)
  An oklob plant (Lair:3)
  9 elephants
  2 black mambas
  6 cane toads
  2 unseen horrors (D:10)
  A torpor snail (Lair:2)
  Psyche (D:9)
  3 rime drakes
  4 komodo dragons
  3 polar bears
  8 blink frogs
  A wyvern (D:7)
  43 yaks
  A nameless horror (Lair:1)
  A steam dragon (D:6)
  A swamp worm (Lair:4)
  8 water moccasins
  An ice beast (D:7)
  2 sky beasts
  An orc warrior (D:8)
  2 black bears
  2 necrophages
  An ogre (D:4)
  6 wolves (Lair:4)
  A boggart (Lair:5)
  4 centaurs
  A phantom (D:6)
  A kobold brigand (D:8)
  2 wyvern zombies (D:5)
  5 bullfrogs
  2 gnoll sergeants
  4 scorpions
  2 water moccasin skeletons
  8 wights
  An electric eel (Lair:4)
  A howler monkey (D:10)
  2 hounds
  6 orc priests
  A gnoll shaman (D:4)
  2 iguanas
  2 orc wizards
  5 hell rats (Lair:3)
  A hound skeleton (D:4)
  Robin (D:2)
  A howler monkey zombie (D:10)
  14 gnolls
  5 adders
  A howler monkey skeleton (D:4)
  A shadow imp (D:7)
  2 white imps (D:5)
  An ufetubus (D:6)
  An adder skeleton (D:4)
  A worm (D:4)
  4 dart slugs
  9 orcs
  A bat zombie (D:7)
  6 endoplasms
  3 giant cockroaches
  21 goblins
  5 hobgoblins
  2 jackals (D:3)
  3 quokkas
  12 ball pythons
  6 bats
  5 frilled lizards
  10 kobolds
  9 rats
  A rat zombie (D:7)
297 creatures vanquished.

Vanquished Creatures (collateral kills)
  2 hydras
  3 blink frogs (Lair:3)
  A yak (Lair:4)
  A basilisk (Lair:1)
  A hell rat (Lair:3)
8 creatures vanquished.

Vanquished Creatures (others)
  A bush (Lair:4)
  16 fungi
  30 plants
47 creatures vanquished.

Grand Total: 352 creatures vanquished

Notes
Turn   | Place    | Note
-------+----------+-------------------------------------------
     0 | D:1      | Ekaitz the Demonspawn Venom Mage began the quest for the
                  | Orb.
     0 | D:1      | Reached XP level 1. HP: 13/13 MP: 3/3
   299 | D:1      | Gained mutation: You have a pair of small horns on your
                  | head. [demonic ancestry]
   299 | D:1      | Reached XP level 2. HP: 19/19 MP: 0/5
   302 | D:1      | Learned a level 2 spell: Poisonous Vapours
  1347 | D:2      | Reached XP level 3. HP: 25/25 MP: 2/6
  1397 | D:2      | Noticed Robin
  1639 | D:2      | Reached skill level 1 in Transmutations
  1682 | D:2      | Reached skill level 1 in Air Magic
  1929 | D:2      | Reached XP level 4. HP: 24/31 MP: 0/7
  1947 | D:2      | Learned a level 4 spell: Olgreb's Toxic Radiance
  2266 | D:2      | Reached skill level 4 in Poison Magic
  2280 | D:2      | Killed Robin
  2326 | D:2      | Found a faded altar of an unknown god.
  2327 | D:2      | Reached skill level 1 in Fighting
  3876 | D:3      | Gained mutation: You are partially covered in thin metallic
                  | scales. (AC +2) [demonic ancestry]
  3876 | D:3      | Reached XP level 5. HP: 37/37 MP: 6/9
  4288 | D:4      | Noticed an ogre
  4376 | D:4      | Killed an ogre
  4385 | D:4      | Learned a level 3 spell: Mephitic Cloud
  4573 | D:4      | Noticed a necrophage
  4604 | D:4      | Killed a necrophage
  4605 | D:4      | Gained mutation: You have a pair of horns on your head.
                  | [demonic ancestry]
  4605 | D:4      | Reached XP level 6. HP: 27/44 MP: 6/10
  5246 | D:4      | Reached skill level 5 in Poison Magic
  5550 | D:4      | Found a blossoming altar of Fedhas.
  5702 | D:5      | Entered Level 5 of the Dungeon
  5766 | D:5      | Noticed a sky beast
  5794 | D:5      | Killed a sky beast
  5795 | D:5      | Gained mutation: Your demonic aura sometimes causes spilled
                  | blood to erupt in flames. [demonic ancestry]
  5795 | D:5      | Reached XP level 7. HP: 50/50 MP: 4/12
  6207 | D:5      | Found the +5 scythe "Finisher" {speed, eviscerate}
  6234 | D:5      | Reached skill level 1 in Short Blades
  6367 | D:5      | Gained mutation: You are mostly covered in thin metallic
                  | scales. (AC +3) [demonic ancestry]
  6367 | D:5      | Reached XP level 8. HP: 55/58 MP: 9/14
  6452 | D:5      | Found a radiant altar of Vehumet.
  6453 | D:5      | Found a bloodstained altar of Trog.
  6676 | D:6      | Found an opulent altar of Gozag.
  6755 | D:6      | Reached skill level 1 in Shields
  6830 | D:6      | Found a sacrificial altar of Ru.
  6897 | D:6      | Reached skill level 1 in Polearms
  6947 | D:6      | Learned a level 3 spell: Ignite Poison
  7040 | D:6      | Learned a level 2 spell: Call Imp
  7055 | D:6      | Reached skill level 6 in Poison Magic
  7066 | D:6      | Found a staircase to the Ecumenical Temple.
  7073 | Temple   | Entered the Ecumenical Temple
  7166 | Temple   | Became a worshipper of Warmaster Okawaru
  7240 | D:6      | Reached skill level 1 in Fire Magic
  7240 | D:6      | Identified the +3 quarterstaff of Kiczeacy {vorpal, Int+3}
  7286 | D:6      | Reached skill level 1 in Invocations
  7291 | D:6      | Reached skill level 1 in Summonings
  7501 | D:6      | Reached * piety under Okawaru
  7575 | D:6      | Identified the +4 short sword of Fatigue {drain, Dex+3}
  7634 | D:6      | Identified the +4 halberd "Mud Pie of Death" {vamp, rPois
                  | Dex+3}
  7889 | D:7      | Found an ancient bone altar of Kikubaaqudgha.
  7953 | D:7      | Gained mutation: You are completely covered in thin
                  | metallic scales. (AC +4, rElec) [demonic ancestry]
  7953 | D:7      | Reached XP level 9. HP: 58/65 MP: 14/16
  8105 | D:7      | Found an ancient bone altar of Kikubaaqudgha.
  8474 | D:7      | Reached ** piety under Okawaru
  8670 | D:8      | Reached skill level 5 in Spellcasting
  9668 | D:9      | Noticed Erica
  9678 | D:9      | Killed Erica
  9678 | D:9      | Reached *** piety under Okawaru
  9679 | D:9      | Reached skill level 5 in Fighting
  9679 | D:9      | Gained mutation: Your demonic aura often causes spilled
                  | blood to erupt in flames. [demonic ancestry]
  9679 | D:9      | Reached XP level 10. HP: 69/74 MP: 8/18
  9769 | D:9      | Noticed Psyche
  9777 | D:9      | Killed Psyche
  9778 | D:9      | Reached skill level 7 in Poison Magic
  9890 | D:9      | Reached **** piety under Okawaru
  9891 | D:9      | Reached skill level 5 in Invocations
  9917 | D:9      | Noticed a centaur warrior
  9923 | D:9      | Killed a centaur warrior
  9924 | D:9      | Reached skill level 1 in Conjurations
 10123 | D:9      | Found a stormy altar of Qazlal.
 10537 | D:9      | Reached ***** piety under Okawaru
 10651 | D:10     | Entered Level 10 of the Dungeon
 10706 | D:10     | Reached skill level 8 in Poison Magic
 10987 | D:10     | Identified the +2 chain mail of Edyuhew {-Cast Dex+4
                  | Stlth+}
 11234 | D:10     | Learned a level 4 spell: Summon Lightning Spire
 11707 | D:10     | Found a staircase to the Lair.
 11935 | D:10     | Found a sparkling altar of Nemelex Xobeh.
 11997 | Lair:1   | Entered Level 1 of the Lair of Beasts
 12270 | Lair:1   | Reached XP level 11. HP: 67/81 MP: 20/20
 12702 | Lair:1   | Identified the +2 hand crossbow of Luunyja {elec, Int+4}
                  | (Okawaru gifted it to you on level 1 of the Lair of Beasts)
 12702 | Lair:1   | Received a gift from Okawaru
 12919 | Lair:1   | Noticed an eight-headed hydra
 12929 | Lair:1   | Killed an 11-headed hydra
 12930 | Lair:1   | Reached skill level 5 in Summonings
 13419 | Lair:2   | Noticed a five-headed hydra
 13431 | Lair:2   | Killed an eight-headed hydra
 13496 | Lair:2   | Found a staircase to the Snake Pit.
 13714 | Lair:2   | Noticed a six-headed hydra
 13722 | Lair:2   | Killed an 11-headed hydra
 13722 | Lair:2   | Identified the +0 cloak of the Soldier {Str+7 SInv}
                  | (Okawaru gifted it to you on level 2 of the Lair of Beasts)
 13722 | Lair:2   | Received a gift from Okawaru
 13723 | Lair:2   | Reached skill level 5 in Polearms
 13855 | Lair:2   | Got the Handbook of the Hidden Vale
 14283 | Lair:2   | You fall into a shaft and drop 2 floors!
 14318 | Lair:4   | Noticed a five-headed hydra
 14330 | Lair:4   | Killed an eight-headed hydra
 14331 | Lair:4   | Reached skill level 1 in Evocations
 14572 | Lair:2   | Reached skill level 5 in Air Magic
 15089 | Lair:3   | Reached ****** piety under Okawaru
 15090 | Lair:3   | Reached XP level 12. HP: 89/89 MP: 2/22
 15095 | Lair:3   | Reached skill level 9 in Poison Magic
 15405 | Lair:3   | Found a shimmering blue altar of Sif Muna.
 15544 | Lair:3   | Identified a scroll of acquirement
 15544 | Lair:3   | Acquired 650 gold pieces
 15929 | Lair:4   | Noticed a catoblepas
 15937 | Lair:4   | Killed a catoblepas
 16158 | Lair:4   | Received a gift from Okawaru
 16226 | Lair:4   | Found a staircase to the Swamp.
 16334 | Lair:4   | Received a gift from Okawaru
 16565 | Lair:4   | Noticed a death yak
 16568 | Lair:4   | Reached skill level 10 in Poison Magic
 16572 | Lair:4   | Killed a death yak
 16583 | Lair:4   | Gained mutation: You sometimes gain a little power by
                  | taking damage. [demonic ancestry]
 16583 | Lair:4   | Reached XP level 13. HP: 98/98 MP: 1/24
 16993 | Lair:5   | HP: 4/98 [rime drake (1)]
 16993 | Lair:5   | Slain by a yak

Illustrated notes

Levels and vault maps discovered:
D:1:      dpeg_arrival_simpleton_b, layout_loops_corners
D:2:      layout_basic, hellmonk_ecumenical_altar_crossroads, st_stairs_8,
          uniq_robin
D:3:      kennysheep_six_static_rooms, layout_basic, skrybe_limestone_x,
          minmay_between
D:4:      layout_basic, fedhas_altar_fruit_tree
D:5:      layout_cave_pools, nicolae_overflow_hidden_temple,
          amcnicky_altar_gilded, gammafunk_temple_overflow_statue
D:6:      layout_loops_ring, mainiacjoe_overflow_tiny_flanked,
          mainiacjoe_overflow_alcove_2, minmay_temple_entry_mist
D:7:      layout_basic, lemuel_zombie_altar_kikubaaqudgha,
          kennysheep_flooded_box
D:8:      layout_basic, kennysheep_generic_room_13
D:9:      layout_roguey, mainiacjoe_overflow_surrounded_room, uniq_erica,
          uniq_psyche
D:10:     layout_loops_corners, nemelex_diamond_rough_becter, lair_entry_dummy
Temple:   jpeg_temple_clearing
Lair:1:   layout_long_grid
Lair:2:   layout_cave_pods, guppyfry_snake_entry_garden
Lair:3:   layout_loops_ring, nicolae_lair_grove_arrangements,
          lemuel_oklob_altar, grunt_megastairs_2
Lair:4:   layout_regular_city, nicolae_swamp_entry_splash_gauntlet,
          nicolae_lair_yak_garden
Lair:5:   layout_big_grid, basic_altar, kilobyte_rumbling_trees

Skill      XL: |  1  2  3  4  5  6  7  8  9 10 11 12 13 |
---------------+----------------------------------------+-----
Transmutations | 1 2 3 4 |  4.0
Air Magic      | 1 2 3 4 5 6 |  6.0
Poison Magic   | 4 5 6 8 10 | 10.3
Fighting       | 1 2 3 4 5 6 7 |  7.9
Spellcasting   | 3 4 5 6 7 |  7.9
Dodging        | 2 3 4 |  4.0
Stealth        | 2 3 4 |  4.1
Short Blades   | 1 |  1.0
Shields        | 1 |  1.6
Polearms       | 2 4 5 6 |  6.8
Fire Magic     | 1 2 3 |  3.2
Invocations    | 3 4 6 7 8 9 |  9.3
Summonings     | 1 3 4 6 |  6.8
Conjurations   | 1 |  1.3
Evocations     | 1 3 |  3.5

Action                   |  1- 3 |  4- 6 |  7- 9 | 10-12 | 13-15 || total
-------------------------+-------+-------+-------+-------+-------++-------
Melee: Hand axe          |       |     3 |       |       |       ||     3
       Dagger            |       |    76 |    33 |       |       ||   109
       Headbutt          |       |    16 |    26 |    30 |     2 ||    74
       Scythe            |       |       |    47 |   116 |    13 ||   176
       Halberd           |       |       |    80 |    62 |       ||   142
 Cast: Sting             |    58 |   104 |    31 |    36 |       ||   229
       Poisonous Vapours |     7 |    15 |     8 |    13 |       ||    43
       Olgreb's Toxic Ra |       |     3 |     6 |    27 |     5 ||    41
       Mephitic Cloud    |       |     1 |     6 |    13 |       ||    20
       Call Imp          |       |       |     1 |     9 |       ||    10
       Ignite Poison     |       |       |     7 |    27 |     1 ||    35
       Summon Lightning  |       |       |       |    16 |     1 ||    17
  Use: Scroll            |       |       |       |    17 |     2 ||    19
       Potion            |       |       |       |       |     2 ||     2
 Stab: Sleeping          |       |     2 |     8 |     5 |       ||    15
       Distracted        |       |       |       |     2 |     1 ||     3
Armor: Robe              |     6 |     2 |       |   173 |    47 ||   228
       Animal skin       |       |    49 |    63 |       |       ||   112
Dodge: Dodged            |    15 |   107 |    93 |   137 |    48 ||   400
Block: Other             |       |     5 |    37 |    17 |       ||    59
       Reflection        |       |       |     1 |       |       ||     1
